 Dungeon Crawl Stone Soup version 0.31-a0-210-gccc998df9b (webtiles) character file.

Game seed: 589571525554674773

88903 qw the Peltast (level 15, -4/96 HPs)
             Began as a Gargoyle Fighter on June 29, 2023.
             Was a High Priest of Okawaru.
             Slain by a dire elephant simulacrum (16 damage)
             ... on level 15 of the Dungeon.
             The game lasted 00:12:25 (18377 turns).

qw the Peltast (Gargoyle Fighter)                  Turns: 18377, Time: 00:12:26

Health: -4/96      AC: 35    Str: 36    XL:     15   Next: 95%
Magic:  21/22      EV: 11    Int: 13    God:    Okawaru [*****.]
Gold:   539        SH: 21    Dex: 12    Spells: 14/14 levels left

rFire   + + .        x - +1 broad axe "Suroelok" {heavy, Contam rF+ rN++}
rCold   . . .        q - +0 tower shield
rNeg    + + +        m - +0 plate armour
rPois   inf          c - +0 helmet
rElec   +            l - +0 cloak
rCorr   .            a - +0 pair of gloves
SInv    .            k - +0 pair of boots
Will    +....        j - amulet of regeneration Stlth
                     e - +6 ring of strength
HPRegen 1.16/turn    t - +6 ring of strength
MPRegen 0.18/turn

%: no passive effects
@: about to teleport, heroic, flying
A: sickness immunity, AC +11, big wings, negative energy resistance 1,
electricity resistance, torment resistance 1, petrification resistance, agile 1,
clever 1, fire resistance 1
a: Renounce Religion, Heroism, Finesse, Duel


You were on level 15 of the Dungeon.
You worshipped Okawaru.
Okawaru was extremely pleased with you.
You visited 2 branches of the dungeon, and saw 20 of its levels.

You collected 1500 gold pieces.
You spent 961 gold pieces at shops.


Innate Abilities, Weirdness & Mutations

You are immune to sickness and miasma.
Your stone body is resilient. (AC +11)
You are immune to poison.
Your large and strong wings let you fly.
You resist negative energy. (rN+)
You are resistant to electric shocks. (rElec)
You are resistant to unholy torment.
You are immune to petrification.
You are agile. (Dex +4, Str/Int -1)
Your mind is acute. (Int +4, Str/Dex -1)
Your flesh is heat resistant. (rF+)


   Skills:
 - Level 12.0(17.0) Fighting
 - Level 15.0(20.0) Axes
 - Level 5.1(10.1) Throwing
 - Level 11.0(16.0) Armour
 - Level 3.0(8.0) Dodging
 + Level 16.0(21.0) Shields
 - Level 10.1 Invocations


You had 14 spell levels left.
You didn't know any spells.
Your spell library was empty.

Inventory:

Hand Weapons
 b - a +0 morningstar
 x - the +1 broad axe "Suroelok" (weapon) {heavy, Contam rF+ rN++}
   (You acquired it on level 11 of the Dungeon)

   rF:        It protects you from fire.
   rN:        It greatly protects you from negative energy.
   Contam:    It causes magical contamination when unequipped.
 y - a +2 war axe
Missiles
 p - 4 javelins (quivered)
 B - 5 boomerangs
Armour
 a - a +0 pair of gloves (worn)
 c - a +0 helmet (worn)
 i - +0 acid dragon scales
 k - a +0 pair of boots (worn)
 l - a +0 cloak (worn)
 m - a +0 plate armour (worn)
 q - a +0 tower shield (worn)
Jewellery
 e - a +6 ring of strength (left hand)
 j - an amulet of regeneration (around neck)
 t - a +6 ring of strength (right hand)
 u - a ring of ice
 w - a ring of resist corrosion
 A - a ring of willpower
Scrolls
 f - 6 scrolls of identify
 z - 2 scrolls of teleportation
Potions
 d - 4 potions of might
 g - 3 potions of mutation
 h - a potion of lignification
 n - a potion of enlightenment
 o - 7 potions of curing
 r - 2 potions of attraction
 s - 2 potions of magic
 v - 4 potions of cancellation

Dungeon Overview and Level Annotations

Branches:
Dungeon (15/15)            Temple (0/1) D:7            Lair (5/5) D:9
  Swamp (0/4) Lair:3        Snake (0/4) Lair:2        Slime (0/5) Lair:4
    Orc (0/2) D:12         Vaults (0/5) D:13
 Depths: D:15

Altars:
Dithmenos
Elyvilon
Fedhas
Hepliaklqana
Kikubaaqudgha
Okawaru
Ru
Trog
Wu Jian
Xom
Yredelemnul
The Shining One
Jiyva

Shops:
D:3 *   D:9 =   D:11 =

Annotations:
Lair:5 2 runed translucent doors


Message History

You block the dire elephant simulacrum's attack. x2
The spriggan defender simulacrum hits you.
The spriggan defender simulacrum freezes you!!
18373 ||| INVOKING Heroism.
You gain the combat prowess of a mighty hero.
You block the spriggan defender simulacrum's attack.
The spriggan defender simulacrum hits you.
The spriggan defender simulacrum freezes you!!
The dire elephant simulacrum tramples you but does no damage.
You block the dire elephant simulacrum's attack.
The spriggan defender simulacrum hits you but does no damage.
You slice the spriggan defender simulacrum!!
The spriggan defender simulacrum vaporises!
Okawaru accepts your kill.
You slash the dire elephant simulacrum!
You miss the spriggan defender simulacrum.
You block the spriggan defender simulacrum's attack.
You block the dire elephant simulacrum's attack. x2
Your base Fighting skill increases to level 12!
You hit the dire elephant simulacrum but do no damage.
The dire elephant simulacrum is severely damaged.
You slice the spriggan defender simulacrum!!
You block the spriggan defender simulacrum's attack.
The spriggan defender simulacrum hits you but does no damage.
You block the dire elephant simulacrum's attack.
The dire elephant simulacrum trunk-slaps you.
The dire elephant simulacrum freezes you!!
18376 ||| READING 3 scrolls of teleportation.
As you read the scroll of teleportation, it crumbles to dust.
You feel strangely unstable.
You block the spriggan defender simulacrum's attack.
You slice the dire elephant simulacrum!!
The dire elephant simulacrum vaporises!
Okawaru accepts your kill.
You slice the dire elephant simulacrum!!
You closely miss the spriggan defender simulacrum.
You block the spriggan defender simulacrum's attack.
The spriggan defender simulacrum barely misses you.
The dire elephant simulacrum tramples you!
You die...

.(. #####.Z ... .......
.... ....... .....
..... .....# ...## #...
####...... ....)
#...###......##'##....
#...0.#......#...#...#
#...Z@'......#...#...#
#...Z.#......#...#...#
###+####......#...#....
#.......#######...'....
#.......#.........#.##.
#...##..#.........#.##.
..#
#.......###'#..##%#....
..#
#...........#..##.##...
..#
#.......#...#..##..#...


You could see a dire elephant simulacrum and a spriggan defender simulacrum.

Vanquished Creatures
  Rupert (D:14)
  Gastronok (D:9)
  Agnes (D:14)
  Nessos (Lair:4)
  Snorg (D:14)
  A vault guard (D:13)
  7 hydras
  An ogre mage (D:15)
  Erica (D:9)
  A catoblepas (Lair:5)
  4 boulder beetles
  2 centaur warriors
  12 two-headed ogres
  2 tengu warriors (D:14)
  5 death yaks (Lair:5)
  A skyshark (Lair:5)
  5 skeletal warriors (D:13)
  3 bog bodies (Lair:3)
  Pikel (D:8)
  A spriggan simulacrum (D:15)
  2 lindwurms (Lair:5)
  A wizard (D:14)
  19 ugly things
  A cyclops (D:13)
  A salamander (Lair:2)
  3 manticores
  20 elephants
  Joseph (D:9)
  9 black mambas
  3 molten gargoyles (Lair:5)
  9 komodo dragons
  A rime drake (Lair:1)
  Psyche (D:9)
  15 cane toads
  3 unseen horrors
  An efreet (D:14)
  A kobold demonologist (D:10)
  2 polar bears (Lair:4)
  2 hornets (D:9)
  2 trolls
  A dream sheep (Lair:3)
  22 blink frogs
  9 slime creatures
  A vampire (D:12)
  A jumping spider (shapeshifter) (D:13)
  2 water elementals (D:13)
  Sigmund (D:6)
  A dire elephant simulacrum (D:15)
  A wraith (D:12)
  8 wyverns
  42 yaks
  4 basilisks (Lair:5)
  Menkaure (D:6)
  2 steam dragons
  5 vampire mosquitoes
  2 swamp worms (Lair:3)
  17 water moccasins
  6 acid dragons
  4 hell hounds (Lair:5)
  2 sky beasts
  2 orc warriors
  4 ice beasts
  A black bear (D:5)
  4 boggarts (D:14)
  3 ogres
  4 centaurs
  19 wolves
  A phantom (D:5)
  4 kobold brigands
  Blork the orc (D:5)
  A scorpion (D:7)
  9 bullfrogs
  2 gnoll sergeants
  8 wights
  15 killer bees
  2 vampire bats (D:6)
  7 howler monkeys
  5 electric eels
  8 crimson imps (D:14)
  8 lava snakes
  5 jellies
  6 orc priests
  A hound (D:5)
  2 sleepcaps
  2 iguanas
  6 orc wizards
  14 hell rats
  10 adders
  16 gnolls
  A shadow imp (D:14)
  2 ufetubi (D:5)
  4 worms
  2 dart slugs
  38 orcs
  2 bat skeletons (D:6)
  4 bat zombies (D:6)
  6 endoplasms
  4 giant cockroaches
  11 goblins
  4 hobgoblins
  23 kobolds
  3 quokkas
  7 ball pythons
  5 bats
  4 frilled lizards
  5 rats
576 creatures vanquished.

Vanquished Creatures (others)
  An orc wizard (D:8)
1 creature vanquished.

Grand Total: 577 creatures vanquished

Notes
Turn   | Place    | Note
-------+----------+-------------------------------------------
     0 | D:1      | qw the Gargoyle Fighter began the quest for the Orb.
     0 | D:1      | Reached XP level 1. HP: 14/14 MP: 1/1
     0 | D:1      | 0 ||| qw: Version: 0.3-a-24-ga2abf7b
     0 | D:1      | 0 ||| qw: Game counter: 6904
     0 | D:1      | 0 ||| qw: Melee chars always use a shield: true
     0 | D:1      | 0 ||| qw: God list: Okawaru
     0 | D:1      | 0 ||| qw: Allow faded altars: false
     0 | D:1      | 0 ||| qw: Do Orc after clearing Dungeon:15 true
     0 | D:1      | 0 ||| qw: Do second Lair branch before Depths: true
     0 | D:1      | 0 ||| qw: Lair rune preference: random
     0 | D:1      | 0 ||| qw: Goals: Normal, Zot:1-4, Slime:5, God:TSO, Crypt,
                  | Tomb, Abyss, Pan, Hells, Win
     0 | D:1      | 0 ||| PLANNING D:1-11
   110 | D:1      | Reached XP level 2. HP: 13/19 MP: 2/2
   502 | D:1      | Found a faded altar of an unknown god.
   590 | D:1      | 590 ||| Stepping ~*~*~tactically~*~*~ (hiding).
   715 | D:1      | Reached skill level 3 in Axes
   887 | D:1      | 887 ||| UPGRADING to amulet of regeneration.
   892 | D:1      | 892 ||| READING scroll labelled ATHRUC CYWIAGHE.
   893 | D:1      | 893 ||| READING scroll labelled XARILU XIXZU.
   928 | D:2      | Reached XP level 3. HP: 23/23 MP: 3/3
  1162 | D:2      | Reached XP level 4. HP: 28/28 MP: 4/4
  1508 | D:2      | 1508 ||| UPGRADING to +0 pair of gloves.
  1513 | D:2      | 1513 ||| UPGRADING to +0 plate armour.
  1523 | D:2      | 1523 ||| DROPPING +0 scale mail.
  1524 | D:2      | 1524 ||| READING scroll labelled KAFFEO OHIFA VEVO.
  1525 | D:2      | 1525 ||| READING scroll labelled VIAG OBORGH.
  1526 | D:2      | 1526 ||| READING scroll labelled MATALIZ YKHI.
  1527 | D:2      | 1527 ||| READING scroll labelled KAIR JASIY.
  1528 | D:2      | 1528 ||| READING scroll labelled TUSAHOPREMI.
  1596 | D:3      | 1596 ||| FLEEEEING.
  1605 | D:3      | 1605 ||| DROPPING +0 club.
  1755 | D:3      | 1755 ||| Stepping ~*~*~tactically~*~*~ (stealth).
  1766 | D:3      | Reached skill level 1 in Throwing
  1766 | D:3      | Reached XP level 5. HP: 32/32 MP: 5/5
  1801 | D:3      | 1801 ||| Stepping ~*~*~tactically~*~*~ (stealth).
  1809 | D:3      | 1809 ||| Stepping ~*~*~tactically~*~*~ (stealth).
  2050 | D:3      | Found Boatumu's General Store.
  2058 | D:3      | 2058 ||| BUYING +0 tower shield (49 gold).
  2058 | D:3      | Bought a +0 tower shield for 49 gold pieces
  2058 | D:3      | 2058 ||| BUYING potion of curing (33 gold).
  2058 | D:3      | Bought a potion of curing for 33 gold pieces
  2304 | D:3      | 2304 ||| UPGRADING to +0 pair of boots.
  2309 | D:3      | 2309 ||| UPGRADING to +0 tower shield.
  2319 | D:3      | 2319 ||| DROPPING +0 buckler.
  2320 | D:3      | 2320 ||| READING scroll labelled WARIPP JOIDONK.
  2321 | D:3      | 2321 ||| READING scroll labelled IWITAO EBYMICA.
  2322 | D:3      | 2322 ||| READING 2 scrolls of identify.
  2322 | D:3      | 2322 ||| IDENTIFYING smoky green potion
  2323 | D:3      | 2323 ||| DROPPING potion of invisibility.
  2531 | D:4      | 2531 ||| Stepping ~*~*~tactically~*~*~ (stealth).
  2591 | D:4      | Reached skill level 4 in Shields
  3207 | D:4      | 3207 ||| UPGRADING to +0 helmet.
  3212 | D:4      | 3212 ||| UPGRADING to +6 ring of strength.
  3213 | D:4      | 3213 ||| READING 2 scrolls labelled MEX CESAERUK.
  3214 | D:4      | 3214 ||| READING 3 scrolls of identify.
  3214 | D:4      | 3214 ||| IDENTIFYING emerald potion
  3215 | D:4      | 3215 ||| READING 2 scrolls of identify.
  3215 | D:4      | 3215 ||| IDENTIFYING purple potion
  3216 | D:4      | 3216 ||| DROPPING potion of degeneration.
  3217 | D:4      | 3217 ||| DROPPING potion of brilliance.
  3218 | D:4      | 3218 ||| DROPPING scroll of fog.
  3282 | D:5      | Entered Level 5 of the Dungeon
  3288 | D:5      | Reached XP level 6. HP: 36/37 MP: 6/6
  3353 | D:5      | Reached skill level 5 in Shields
  3410 | D:5      | Noticed an ice beast
  3419 | D:5      | Killed an ice beast
  3496 | D:5      | Noticed an ice beast
  3503 | D:5      | Killed an ice beast
  3504 | D:5      | Reached skill level 6 in Shields
  3504 | D:5      | Reached XP level 7. HP: 41/41 MP: 7/7
  3508 | D:5      | Noticed Blork the orc
  3518 | D:5      | Killed Blork the orc
  3526 | D:5      | Reached skill level 7 in Shields
  3610 | D:5      | 3610 ||| READING scroll of enchant weapon.
  3610 | D:5      | 3610 ||| ENCHANTING +1 war axe.
  3732 | D:5      | 3732 ||| Stepping ~*~*~tactically~*~*~ (stealth).
  3747 | D:5      | Reached skill level 8 in Shields
  3811 | D:5      | Reached XP level 8. HP: 46/46 MP: 8/8
  3962 | D:5      | 3962 ||| Stepping ~*~*~tactically~*~*~ (stealth).
  3966 | D:5      | 3966 ||| Stepping ~*~*~tactically~*~*~ (hiding).
  3996 | D:5      | 3996 ||| Stepping ~*~*~tactically~*~*~ (stealth).
  4007 | D:5      | 4007 ||| Stepping ~*~*~tactically~*~*~ (stealth).
  4018 | D:5      | Reached skill level 9 in Shields
  4156 | D:5      | 4156 ||| READING 2 scrolls of identify.
  4156 | D:5      | 4156 ||| IDENTIFYING murky emerald potion
  4212 | D:6      | You fall into a shaft and drop 1 floor!
  4278 | D:6      | Noticed Menkaure
  4279 | D:6      | 4279 ||| Stepping ~*~*~tactically~*~*~ (hiding).
  4291 | D:6      | Killed Menkaure
  4295 | D:6      | 4295 ||| Stepping ~*~*~tactically~*~*~ (stealth).
  4296 | D:6      | 4296 ||| Stepping ~*~*~tactically~*~*~ (stealth).
  4297 | D:6      | 4297 ||| Stepping ~*~*~tactically~*~*~ (stealth).
  4353 | D:6      | Reached skill level 6 in Axes
  4505 | D:6      | 4505 ||| Stepping ~*~*~tactically~*~*~ (hiding).
  4519 | D:6      | Reached XP level 9. HP: 52/52 MP: 9/9
  4542 | D:6      | Reached skill level 1 in Dodging
  4724 | D:6      | Noticed Sigmund
  4734 | D:6      | Killed Sigmund
  4924 | D:6      | Found an iron altar of Okawaru.
  4925 | D:6      | 4925 ||| PLANNING OKAWARU WORSHIP
  4925 | D:6      | 4925 ||| READING 2 scrolls labelled PEMYTU ISHREI.
  4930 | D:6      | 4930 ||| READING scroll labelled UTEITU ZYSUNT.
  4931 | D:6      | 4931 ||| READING 2 scrolls of identify.
  4931 | D:6      | 4931 ||| IDENTIFYING inky potion
  4999 | D:6      | Became a worshipper of Warmaster Okawaru
  5000 | D:6      | 5000 ||| PLANNING D:1-11
  5053 | D:6      | Reached skill level 10 in Shields
  5055 | D:6      | Found an ancient bone altar of Kikubaaqudgha.
  5111 | D:6      | 5111 ||| DRINKING 2 cyan potions.
  5454 | D:7      | 5454 ||| Stepping ~*~*~tactically~*~*~ (stealth).
  5522 | D:7      | Found a staircase to the Ecumenical Temple.
  5642 | D:7      | 5642 ||| READING 3 scrolls of identify.
  5642 | D:7      | 5642 ||| IDENTIFYING murky silvery potion
  5643 | D:7      | 5643 ||| READING 2 scrolls of identify.
  5643 | D:7      | 5643 ||| IDENTIFYING viscous red potion
  5675 | D:8      | Reached * piety under Okawaru
  5676 | D:8      | 5676 ||| INVOKING Heroism.
  5687 | D:8      | 5687 ||| INVOKING Heroism.
  5729 | D:8      | Identified the +2 scale mail "Jinyw Umm" {Regen+ Str+2
                  | Int+3}
  5769 | D:8      | Noticed Pikel
  5775 | D:8      | Killed Pikel
  5776 | D:8      | Reached skill level 11 in Shields
  5776 | D:8      | Reached XP level 10. HP: 43/59 MP: 10/10
  5835 | D:8      | 5835 ||| Stepping ~*~*~tactically~*~*~ (hiding).
  5873 | D:8      | 5873 ||| Stepping ~*~*~tactically~*~*~ (stealth).
  5875 | D:8      | 5875 ||| Stepping ~*~*~tactically~*~*~ (hiding).
  5881 | D:8      | 5881 ||| DRINKING 3 potions of curing.
  5881 | D:8      | 5881 ||| (to cure confusion)
  5884 | D:8      | Reached skill level 1 in Invocations
  6044 | D:8      | Found a hazy altar of Hepliaklqana.
  6045 | D:8      | Found a shimmering altar of Xom.
  6046 | D:8      | Noticed a spectral ugly thing
  6137 | D:8      | Found a basalt altar of Yredelemnul.
  6143 | D:8      | 6143 ||| Stepping ~*~*~tactically~*~*~ (hiding).
  6144 | D:8      | 6144 ||| Stepping ~*~*~tactically~*~*~ (hiding).
  6151 | D:8      | 6151 ||| INVOKING Heroism.
  6166 | D:8      | 6166 ||| FLEEEEING.
  6167 | D:8      | 6167 ||| FLEEEEING.
  6171 | D:8      | 6171 ||| FLEEEEING.
  6175 | D:8      | 6175 ||| FLEEEEING.
  6176 | D:8      | 6176 ||| FLEEEEING.
  6177 | D:8      | 6177 ||| FLEEEEING.
  6178 | D:8      | 6178 ||| FLEEEEING.
  6180 | D:8      | 6180 ||| FLEEEEING.
  6181 | D:8      | 6181 ||| FLEEEEING.
  6182 | D:8      | 6182 ||| FLEEEEING.
  6183 | D:8      | 6183 ||| FLEEEEING.
  6184 | D:8      | 6184 ||| STAIRDANCE
  6338 | D:8      | Found an ornate altar of the Wu Jian Council.
  6370 | D:8      | 6370 ||| INVOKING Heroism.
  6372 | D:8      | 6372 ||| Stepping ~*~*~tactically~*~*~ (cloud).
  6380 | D:8      | 6380 ||| Stepping ~*~*~tactically~*~*~ (cloud).
  6416 | D:8      | Reached skill level 3 in Invocations
  6475 | D:8      | 6475 ||| READING 2 scrolls of identify.
  6475 | D:8      | 6475 ||| IDENTIFYING brown potion
  6626 | D:8      | 6626 ||| Stepping ~*~*~tactically~*~*~ (stealth).
  6628 | D:8      | 6628 ||| Stepping ~*~*~tactically~*~*~ (hiding).
  6643 | D:8      | 6643 ||| FLEEEEING.
  6644 | D:8      | 6644 ||| STAIRDANCE
  6696 | D:8      | Reached ** piety under Okawaru
  6750 | D:8      | Found a glowing golden altar of the Shining One.
  6878 | D:9      | 6878 ||| INVOKING Heroism.
  6888 | D:9      | Reached skill level 6 in Fighting
  6919 | D:9      | Found a flagged portal.
  6954 | D:9      | 6954 ||| INVOKING Heroism.
  6962 | D:9      | 6962 ||| Stepping ~*~*~tactically~*~*~ (stealth).
  6976 | D:9      | 6976 ||| Stepping ~*~*~tactically~*~*~ (stealth).
  7006 | D:9      | Found Qexzosm's Jewellery Shop.
  7015 | D:9      | 7015 ||| SHOPLISTING ring of Qazlal's Generosity {Drain
                  | AC+4 Dex+7 Slay-6 Stlth+} (540 gold, have 519).
  7015 | D:9      | 7015 ||| BUYING ring of ice (375 gold).
  7015 | D:9      | Bought a ring of ice for 375 gold pieces
  7015 | D:9      | 7015 ||| SHOPLISTING ring of positive energy (300 gold,
                  | have 144).
  7015 | D:9      | 7015 ||| SHOPLISTING ring of protection from cold (375
                  | gold, have 144).
  7015 | D:9      | 7015 ||| SHOPLISTING ring of resist corrosion (300 gold,
                  | have 144).
  7053 | D:9      | Found a bloodstained altar of Trog.
  7106 | D:9      | Found a white marble altar of Elyvilon.
  7133 | D:9      | Reached skill level 9 in Axes
  7220 | D:9      | Found a shadowy altar of Dithmenos.
  7261 | D:9      | Found a sacrificial altar of Ru.
  7265 | D:9      | 7265 ||| Stepping ~*~*~tactically~*~*~ (stealth).
  7495 | D:9      | 7495 ||| Stepping ~*~*~tactically~*~*~ (hiding).
  7499 | D:9      | Noticed Joseph
  7516 | D:9      | 7516 ||| INVOKING Heroism.
  7519 | D:9      | Killed Joseph
  7520 | D:9      | Reached skill level 6 in Armour
  7520 | D:9      | Reached XP level 11. HP: 47/64 MP: 11/14
  7556 | D:9      | Found a staircase to the Lair.
  7578 | D:9      | Noticed Psyche
  7579 | D:9      | 7579 ||| INVOKING Heroism.
  7590 | D:9      | Killed Psyche
  7591 | D:9      | Reached skill level 12 in Shields
  7731 | D:9      | 7731 ||| PLANNING LAIR
  7731 | D:9      | 7731 ||| READING 2 scrolls of identify.
  7731 | D:9      | 7731 ||| IDENTIFYING smoky yellow potion
  7732 | D:9      | 7732 ||| DROPPING potion of berserk rage.
  7772 | D:9      | Noticed Erica
  7773 | D:9      | 7773 ||| INVOKING Heroism.
  7791 | D:9      | Killed Erica
  7816 | Lair:1   | Entered Level 1 of the Lair of Beasts
  7817 | Lair:1   | 7817 ||| INVOKING Heroism.
  7825 | Lair:1   | Reached *** piety under Okawaru
  7827 | Lair:1   | Noticed Gastronok
  7831 | Lair:1   | 7831 ||| STAIRDANCE
  7870 | Lair:1   | 7870 ||| INVOKING Heroism.
  7892 | Lair:1   | 7892 ||| INVOKING Heroism.
  7899 | Lair:1   | HP: 12/67 [Gastronok/the air (38)]
  7900 | Lair:1   | 7900 ||| STAIRDANCE
  7902 | D:9      | 7902 ||| READING 3 scrolls of teleportation.
  7903 | D:9      | 7903 ||| DRINKING potion of heal wounds.
  7907 | D:9      | Killed Gastronok
  7907 | D:9      | Reached **** piety under Okawaru
  7910 | D:9      | 7910 ||| INVOKING Heroism.
  7993 | Lair:1   | 7993 ||| Stepping ~*~*~tactically~*~*~ (stealth).
  8034 | Lair:1   | 8034 ||| INVOKING Heroism.
  8104 | Lair:1   | 8104 ||| INVOKING Heroism.
  8116 | Lair:1   | Reached skill level 13 in Shields
  8175 | Lair:1   | 8175 ||| Stepping ~*~*~tactically~*~*~ (stealth).
  8225 | Lair:1   | 8225 ||| INVOKING Heroism.
  8269 | Lair:1   | 8269 ||| INVOKING Heroism.
  8274 | Lair:1   | Reached XP level 12. HP: 73/73 MP: 13/16
  8357 | Lair:1   | Received a gift from Okawaru
  8358 | Lair:1   | Reached skill level 6 in Invocations
  8378 | Lair:1   | 8378 ||| INVOKING Heroism.
  8745 | Lair:1   | 8745 ||| Stepping ~*~*~tactically~*~*~ (stealth).
  8915 | Lair:1   | 8915 ||| UPGRADING to ring of resist corrosion.
  8916 | Lair:1   | 8916 ||| READING 3 scrolls of identify.
  8916 | Lair:1   | 8916 ||| IDENTIFYING dark potion
  8917 | Lair:1   | 8917 ||| DROPPING potion of ambrosia.
  9043 | Lair:2   | 9043 ||| INVOKING Heroism.
  9054 | Lair:2   | Reached skill level 3 in Throwing
  9094 | Lair:2   | Found a staircase to the Snake Pit.
  9095 | Lair:2   | 9095 ||| Stepping ~*~*~tactically~*~*~ (hiding).
  9109 | Lair:2   | 9109 ||| FLEEEEING.
  9110 | Lair:2   | 9110 ||| FLEEEEING.
  9111 | Lair:2   | 9111 ||| FLEEEEING.
  9163 | Lair:2   | 9163 ||| Stepping ~*~*~tactically~*~*~ (stealth).
  9415 | Lair:2   | 9415 ||| Stepping ~*~*~tactically~*~*~ (stealth).
  9416 | Lair:2   | 9416 ||| Stepping ~*~*~tactically~*~*~ (stealth).
  9417 | Lair:2   | 9417 ||| Stepping ~*~*~tactically~*~*~ (stealth).
  9519 | Lair:2   | 9519 ||| Stepping ~*~*~tactically~*~*~ (stealth).
  9641 | Lair:2   | 9641 ||| Stepping ~*~*~tactically~*~*~ (stealth).
  9864 | Lair:2   | 9864 ||| INVOKING Heroism.
  9941 | Lair:2   | 9941 ||| READING 3 scrolls of identify.
  9941 | Lair:2   | 9941 ||| IDENTIFYING clear potion
  9970 | Lair:3   | 9970 ||| STAIRDANCE
  9986 | Lair:3   | 9986 ||| STAIRDANCE
  9991 | Lair:2   | 9991 ||| INVOKING Heroism.
 10190 | Lair:3   | 10190 ||| Stepping ~*~*~tactically~*~*~ (hiding).
 10191 | Lair:3   | 10191 ||| INVOKING Heroism.
 10208 | Lair:3   | Reached ***** piety under Okawaru
 10221 | Lair:3   | 10221 ||| Stepping ~*~*~tactically~*~*~ (stealth).
 10222 | Lair:3   | 10222 ||| Stepping ~*~*~tactically~*~*~ (stealth).
 10223 | Lair:3   | 10223 ||| Stepping ~*~*~tactically~*~*~ (stealth).
 10246 | Lair:3   | 10246 ||| Stepping ~*~*~tactically~*~*~ (stealth).
 10254 | Lair:3   | Reached skill level 9 in Invocations
 10323 | Lair:3   | 10323 ||| INVOKING Heroism.
 10361 | Lair:3   | 10361 ||| INVOKING Heroism.
 10378 | Lair:3   | Found a staircase to the Swamp.
 10397 | Lair:3   | Reached XP level 13. HP: 63/78 MP: 20/20
 10714 | Lair:3   | 10714 ||| INVOKING Heroism.
 10715 | Lair:3   | 10715 ||| INVOKING Finesse.
 10719 | Lair:3   | 10719 ||| SWAPPING to +0 morningstar.
 10725 | Lair:3   | 10725 ||| SWAPPING to +2 war axe.
 10898 | Lair:3   | 10898 ||| DROPPING scarf of shadows.
 10899 | Lair:3   | 10899 ||| READING scroll labelled RIYNUIRUEDGH.
 10921 | Lair:4   | 10921 ||| INVOKING Heroism.
 10922 | Lair:4   | 10922 ||| INVOKING Finesse.
 10995 | Lair:4   | 10995 ||| INVOKING Heroism.
 11054 | Lair:4   | 11054 ||| Stepping ~*~*~tactically~*~*~ (stealth).
 11056 | Lair:4   | 11056 ||| Stepping ~*~*~tactically~*~*~ (stealth).
 11058 | Lair:4   | 11058 ||| INVOKING Heroism.
 11061 | Lair:4   | Reached skill level 9 in Fighting
 11082 | Lair:4   | 11082 ||| Stepping ~*~*~tactically~*~*~ (stealth).
 11088 | Lair:4   | 11088 ||| Stepping ~*~*~tactically~*~*~ (stealth).
 11094 | Lair:4   | 11094 ||| Stepping ~*~*~tactically~*~*~ (stealth).
 11114 | Lair:4   | 11114 ||| INVOKING Heroism.
 11117 | Lair:4   | Received a gift from Okawaru
 11118 | Lair:4   | Reached skill level 14 in Shields
 11155 | Lair:4   | 11155 ||| Stepping ~*~*~tactically~*~*~ (stealth).
 11156 | Lair:4   | 11156 ||| Stepping ~*~*~tactically~*~*~ (stealth).
 11157 | Lair:4   | 11157 ||| Stepping ~*~*~tactically~*~*~ (stealth).
 11266 | Lair:4   | 11266 ||| INVOKING Heroism.
 11351 | Lair:4   | 11351 ||| INVOKING Heroism.
 11353 | Lair:4   | 11353 ||| Stepping ~*~*~tactically~*~*~ (stealth).
 11367 | Lair:4   | 11367 ||| INVOKING Heroism.
 11414 | Lair:4   | Noticed Nessos
 11415 | Lair:4   | 11415 ||| Stepping ~*~*~tactically~*~*~ (hiding).
 11417 | Lair:4   | 11417 ||| INVOKING Finesse.
 11425 | Lair:4   | 11425 ||| INVOKING Heroism.
 11434 | Lair:4   | 11434 ||| Stepping ~*~*~tactically~*~*~ (hiding).
 11435 | Lair:4   | 11435 ||| Stepping ~*~*~tactically~*~*~ (hiding).
 11439 | Lair:4   | Found a staircase to the Slime Pits.
 11439 | Lair:4   | Found a viscous altar of Jiyva.
 11443 | Lair:4   | Killed Nessos
 11580 | Lair:4   | 11580 ||| INVOKING Heroism.
 11584 | Lair:4   | 11584 ||| SWAPPING to +0 morningstar.
 11595 | Lair:4   | Reached skill level 12 in Axes
 11595 | Lair:4   | 11595 ||| SWAPPING to +2 war axe.
 11762 | Lair:4   | 11762 ||| UPGRADING to +0 cloak.
 11793 | Lair:5   | Entered Level 5 of the Lair of Beasts
 11794 | Lair:5   | 11794 ||| INVOKING Heroism.
 11827 | Lair:5   | 11827 ||| INVOKING Heroism.
 11843 | Lair:5   | Reached skill level 9 in Armour
 11861 | Lair:5   | HP: 19/80 [lindwurm/blast of flame (3)]
 11862 | Lair:5   | 11862 ||| READING 5 scrolls of teleportation.
 11863 | Lair:5   | 11863 ||| DRINKING potion of heal wounds.
 11864 | Lair:5   | 11864 ||| INVOKING Heroism.
 11868 | Lair:5   | 11868 ||| INVOKING Finesse.
 11909 | Lair:5   | 11909 ||| INVOKING Heroism.
 11982 | Lair:5   | 11982 ||| Stepping ~*~*~tactically~*~*~ (stealth).
 12024 | Lair:5   | 12024 ||| INVOKING Heroism.
 12038 | Lair:5   | Gained mutation: Your large and strong wings let you fly.
                  | [Gargoyle growth]
 12038 | Lair:5   | Reached XP level 14. HP: 81/88 MP: 21/21
 12183 | Lair:5   | 12183 ||| Stepping ~*~*~tactically~*~*~ (hiding).
 12197 | Lair:5   | 12197 ||| INVOKING Heroism.
 12198 | Lair:5   | 12198 ||| INVOKING Finesse.
 12203 | Lair:5   | 12203 ||| SWAPPING to +0 morningstar.
 12209 | Lair:5   | 12209 ||| SWAPPING to +2 war axe.
 12269 | Lair:5   | 12269 ||| FLEEEEING.
 12270 | Lair:5   | 12270 ||| FLEEEEING.
 12271 | Lair:5   | 12271 ||| FLEEEEING.
 12272 | Lair:5   | 12272 ||| FLEEEEING.
 12289 | Lair:5   | Found a large runed translucent door.
 12289 | Lair:5   | Found a large runed translucent door.
 12294 | Lair:5   | 12294 ||| Stepping ~*~*~tactically~*~*~ (stealth).
 12312 | Lair:5   | 12312 ||| INVOKING Heroism.
 12327 | Lair:5   | HP: 7/88 [hell hound/blast of flame (18)]
 12328 | Lair:5   | 12328 ||| READING 4 scrolls of teleportation.
 12329 | Lair:5   | 12329 ||| DRINKING 2 potions of heal wounds.
 12444 | Lair:5   | 12444 ||| INVOKING Heroism.
 12447 | Lair:5   | Reached skill level 15 in Shields
 12454 | Lair:5   | 12454 ||| Stepping ~*~*~tactically~*~*~ (stealth).
 12486 | Lair:5   | 12486 ||| Stepping ~*~*~tactically~*~*~ (stealth).
 12510 | Lair:5   | 12510 ||| Stepping ~*~*~tactically~*~*~ (stealth).
 12513 | Lair:5   | 12513 ||| Stepping ~*~*~tactically~*~*~ (stealth).
 12515 | Lair:5   | 12515 ||| Stepping ~*~*~tactically~*~*~ (stealth).
 12516 | Lair:5   | 12516 ||| Stepping ~*~*~tactically~*~*~ (stealth).
 12517 | Lair:5   | 12517 ||| Stepping ~*~*~tactically~*~*~ (stealth).
 12658 | Lair:5   | 12658 ||| INVOKING Heroism.
 12659 | Lair:5   | 12659 ||| INVOKING Finesse.
 12660 | Lair:5   | 12660 ||| SWAPPING to +0 morningstar.
 12670 | Lair:5   | 12670 ||| SWAPPING to +2 war axe.
 12943 | Lair:5   | 12943 ||| Stepping ~*~*~tactically~*~*~ (hiding).
 13048 | Lair:5   | 13048 ||| INVOKING Heroism.
 13198 | Lair:5   | 13198 ||| Stepping ~*~*~tactically~*~*~ (stealth).
 13199 | Lair:5   | 13199 ||| Stepping ~*~*~tactically~*~*~ (stealth).
 13249 | Lair:5   | 13249 ||| INVOKING Heroism.
 13252 | Lair:5   | HP: 11/88 [molten gargoyle/bolt of magma (27)]
 13253 | Lair:5   | 13253 ||| READING 3 scrolls of teleportation.
 13254 | Lair:5   | 13254 ||| DRINKING potion of heal wounds.
 13341 | Lair:5   | 13341 ||| INVOKING Heroism.
 13458 | Lair:5   | 13458 ||| UPGRADING to +4 ring of protection.
 13460 | Lair:5   | 13460 ||| PLANNING D:1-11
 13460 | Lair:5   | 13460 ||| READING scroll labelled DOM JAOGUBLIZOL.
 13503 | Lair:5   | Received a gift from Okawaru
 13630 | D:10     | Entered Level 10 of the Dungeon
 13751 | D:10     | 13751 ||| Stepping ~*~*~tactically~*~*~ (hiding).
 13753 | D:10     | 13753 ||| Stepping ~*~*~tactically~*~*~ (stealth).
 14009 | D:10     | Found a blossoming altar of Fedhas.
 14327 | D:11     | 14327 ||| PLANNING GAUNTLET
 14348 | D:11     | 14348 ||| STAIRDANCE
 14447 | D:11     | Found Ujid's Jewellery Shoppe.
 14450 | D:11     | 14450 ||| BUYING +6 ring of strength (504 gold).
 14450 | D:11     | Bought a +6 ring of strength for 504 gold pieces
 14450 | D:11     | 14450 ||| SHOPLISTING ring of ice (350 gold, have 272).
 14450 | D:11     | 14450 ||| SHOPLISTING ring of protection from cold (350
                  | gold, have 272).
 14472 | D:11     | 14472 ||| Stepping ~*~*~tactically~*~*~ (stealth).
 14846 | D:11     | Found a gate leading to a gauntlet.
 14847 | D:11     | 14847 ||| UPGRADING to +6 ring of strength.
 14849 | D:11     | 14849 ||| DROPPING +4 ring of protection.
 14850 | D:11     | 14850 ||| READING scroll labelled KYNKOJ YF LUVAFF.
 14850 | D:11     | Identified a scroll of acquirement
 14850 | D:11     | 14850 ||| ACQUIRING +1 broad axe "Suroelok" {heavy, Contam
                  | rF+ rN++}
 14850 | D:11     | Acquired the +1 broad axe "Suroelok" {heavy, Contam rF+
                  | rN++}
 14867 | D:11     | 14867 ||| SWAPPING to +1 broad axe "Suroelok" {heavy,
                  | Contam rF+ rN++}.
 14907 | D:11     | 14907 ||| Stepping randomly (stuck).
 14908 | D:11     | 14908 ||| Stepping randomly (stuck).
 14909 | D:11     | 14909 ||| Stepping randomly (stuck).
 14910 | D:11     | 14910 ||| Stepping randomly (stuck).
 14911 | D:11     | 14911 ||| Stepping randomly (stuck).
 14912 | D:11     | 14912 ||| Stepping randomly (stuck).
 14913 | D:11     | 14913 ||| Stepping randomly (stuck).
 14914 | D:11     | 14914 ||| Stepping randomly (stuck).
 14915 | D:11     | 14915 ||| Stepping randomly (stuck).
 14916 | D:11     | 14916 ||| Stepping randomly (stuck).
 14917 | D:11     | 14917 ||| Stepping randomly (stuck).
 14918 | D:11     | 14918 ||| Stepping randomly (stuck).
 14919 | D:11     | 14919 ||| Stepping randomly (stuck).
 14920 | D:11     | 14920 ||| Stepping randomly (stuck).
 14921 | D:11     | 14921 ||| Stepping randomly (stuck).
 14922 | D:11     | 14922 ||| Stepping randomly (stuck).
 14923 | D:11     | 14923 ||| Stepping randomly (stuck).
 14924 | D:11     | 14924 ||| Stepping randomly (stuck).
 14925 | D:11     | 14925 ||| Stepping randomly (stuck).
 14926 | D:11     | 14926 ||| Stepping randomly (stuck).
 14927 | D:11     | 14927 ||| Stepping randomly (stuck).
 14928 | D:11     | 14928 ||| Stepping randomly (stuck).
 14929 | D:11     | 14929 ||| Stepping randomly (stuck).
 14930 | D:11     | 14930 ||| Stepping randomly (stuck).
 14931 | D:11     | 14931 ||| Stepping randomly (stuck).
 14932 | D:11     | 14932 ||| Stepping randomly (stuck).
 14933 | D:11     | 14933 ||| Stepping randomly (stuck).
 14934 | D:11     | 14934 ||| Stepping randomly (stuck).
 14935 | D:11     | 14935 ||| Stepping randomly (stuck).
 14936 | D:11     | 14936 ||| Stepping randomly (stuck).
 14937 | D:11     | 14937 ||| Stepping randomly (stuck).
 14938 | D:11     | 14938 ||| Stepping randomly (stuck).
 14939 | D:11     | 14939 ||| Stepping randomly (stuck).
 14940 | D:11     | 14940 ||| Stepping randomly (stuck).
 14941 | D:11     | 14941 ||| Stepping randomly (stuck).
 14942 | D:11     | 14942 ||| Stepping randomly (stuck).
 14943 | D:11     | 14943 ||| Stepping randomly (stuck).
 14944 | D:11     | 14944 ||| Stepping randomly (stuck).
 14945 | D:11     | 14945 ||| Stepping randomly (stuck).
 14946 | D:11     | 14946 ||| Stepping randomly (stuck).
 14947 | D:11     | 14947 ||| Stepping randomly (stuck).
 14948 | D:11     | 14948 ||| Stepping randomly (stuck).
 14949 | D:11     | 14949 ||| Stepping randomly (stuck).
 14950 | D:11     | 14950 ||| Stepping randomly (stuck).
 14951 | D:11     | 14951 ||| Stepping randomly (stuck).
 14952 | D:11     | 14952 ||| Stepping randomly (stuck).
 14953 | D:11     | 14953 ||| Stepping randomly (stuck).
 14954 | D:11     | 14954 ||| Stepping randomly (stuck).
 14955 | D:11     | 14955 ||| Stepping randomly (stuck).
 14956 | D:11     | 14956 ||| Stepping randomly (stuck).
 14957 | D:11     | 14957 ||| Stepping randomly (stuck).
 14958 | D:11     | 14958 ||| READING 3 scrolls of teleportation.
 15012 | D:11     | 15012 ||| Stepping randomly (stuck).
 15013 | D:11     | 15013 ||| Stepping randomly (stuck).
 15014 | D:11     | 15014 ||| Stepping randomly (stuck).
 15015 | D:11     | 15015 ||| Stepping randomly (stuck).
 15016 | D:11     | 15016 ||| Stepping randomly (stuck).
 15017 | D:11     | 15017 ||| Stepping randomly (stuck).
 15018 | D:11     | 15018 ||| Stepping randomly (stuck).
 15019 | D:11     | 15019 ||| Stepping randomly (stuck).
 15020 | D:11     | 15020 ||| Stepping randomly (stuck).
 15021 | D:11     | 15021 ||| Stepping randomly (stuck).
 15022 | D:11     | 15022 ||| Stepping randomly (stuck).
 15023 | D:11     | 15023 ||| Stepping randomly (stuck).
 15024 | D:11     | 15024 ||| Stepping randomly (stuck).
 15025 | D:11     | 15025 ||| Stepping randomly (stuck).
 15026 | D:11     | 15026 ||| Stepping randomly (stuck).
 15027 | D:11     | 15027 ||| Stepping randomly (stuck).
 15028 | D:11     | 15028 ||| Stepping randomly (stuck).
 15029 | D:11     | 15029 ||| Stepping randomly (stuck).
 15030 | D:11     | 15030 ||| Stepping randomly (stuck).
 15031 | D:11     | 15031 ||| Stepping randomly (stuck).
 15032 | D:11     | 15032 ||| Stepping randomly (stuck).
 15033 | D:11     | 15033 ||| Stepping randomly (stuck).
 15034 | D:11     | 15034 ||| Stepping randomly (stuck).
 15035 | D:11     | 15035 ||| Stepping randomly (stuck).
 15036 | D:11     | 15036 ||| Stepping randomly (stuck).
 15037 | D:11     | 15037 ||| Stepping randomly (stuck).
 15038 | D:11     | 15038 ||| Stepping randomly (stuck).
 15039 | D:11     | 15039 ||| Stepping randomly (stuck).
 15040 | D:11     | 15040 ||| Stepping randomly (stuck).
 15041 | D:11     | 15041 ||| Stepping randomly (stuck).
 15042 | D:11     | 15042 ||| Stepping randomly (stuck).
 15043 | D:11     | 15043 ||| Stepping randomly (stuck).
 15044 | D:11     | 15044 ||| Stepping randomly (stuck).
 15045 | D:11     | 15045 ||| Stepping randomly (stuck).
 15046 | D:11     | 15046 ||| Stepping randomly (stuck).
 15047 | D:11     | 15047 ||| Stepping randomly (stuck).
 15048 | D:11     | 15048 ||| Stepping randomly (stuck).
 15049 | D:11     | 15049 ||| Stepping randomly (stuck).
 15050 | D:11     | 15050 ||| Stepping randomly (stuck).
 15051 | D:11     | 15051 ||| Stepping randomly (stuck).
 15052 | D:11     | 15052 ||| Stepping randomly (stuck).
 15053 | D:11     | 15053 ||| Stepping randomly (stuck).
 15054 | D:11     | 15054 ||| Stepping randomly (stuck).
 15055 | D:11     | 15055 ||| Stepping randomly (stuck).
 15056 | D:11     | 15056 ||| Stepping randomly (stuck).
 15057 | D:11     | 15057 ||| Stepping randomly (stuck).
 15058 | D:11     | 15058 ||| Stepping randomly (stuck).
 15059 | D:11     | 15059 ||| Stepping randomly (stuck).
 15060 | D:11     | 15060 ||| Stepping randomly (stuck).
 15061 | D:11     | 15061 ||| Stepping randomly (stuck).
 15062 | D:11     | 15062 ||| Stepping randomly (stuck).
 15063 | D:11     | 15063 ||| READING 2 scrolls of teleportation.
 15096 | D:11     | 15096 ||| Stepping randomly (stuck).
 15097 | D:11     | 15097 ||| Stepping randomly (stuck).
 15098 | D:11     | 15098 ||| Stepping randomly (stuck).
 15099 | D:11     | 15099 ||| Stepping randomly (stuck).
 15100 | D:11     | 15100 ||| Stepping randomly (stuck).
 15101 | D:11     | 15101 ||| Stepping randomly (stuck).
 15102 | D:11     | 15102 ||| Stepping randomly (stuck).
 15103 | D:11     | 15103 ||| Stepping randomly (stuck).
 15104 | D:11     | 15104 ||| Stepping randomly (stuck).
 15105 | D:11     | 15105 ||| Stepping randomly (stuck).
 15106 | D:11     | 15106 ||| Stepping randomly (stuck).
 15107 | D:11     | 15107 ||| Stepping randomly (stuck).
 15108 | D:11     | 15108 ||| Stepping randomly (stuck).
 15109 | D:11     | 15109 ||| Stepping randomly (stuck).
 15110 | D:11     | 15110 ||| Stepping randomly (stuck).
 15111 | D:11     | 15111 ||| Stepping randomly (stuck).
 15112 | D:11     | 15112 ||| Stepping randomly (stuck).
 15113 | D:11     | 15113 ||| Stepping randomly (stuck).
 15114 | D:11     | 15114 ||| Stepping randomly (stuck).
 15115 | D:11     | 15115 ||| Stepping randomly (stuck).
 15116 | D:11     | 15116 ||| Stepping randomly (stuck).
 15117 | D:11     | 15117 ||| Stepping randomly (stuck).
 15118 | D:11     | 15118 ||| Stepping randomly (stuck).
 15119 | D:11     | 15119 ||| Stepping randomly (stuck).
 15120 | D:11     | 15120 ||| Stepping randomly (stuck).
 15121 | D:11     | 15121 ||| Stepping randomly (stuck).
 15122 | D:11     | 15122 ||| Stepping randomly (stuck).
 15123 | D:11     | 15123 ||| Stepping randomly (stuck).
 15124 | D:11     | 15124 ||| Stepping randomly (stuck).
 15125 | D:11     | 15125 ||| Stepping randomly (stuck).
 15126 | D:11     | 15126 ||| Stepping randomly (stuck).
 15127 | D:11     | 15127 ||| Stepping randomly (stuck).
 15128 | D:11     | 15128 ||| Stepping randomly (stuck).
 15129 | D:11     | 15129 ||| Stepping randomly (stuck).
 15130 | D:11     | 15130 ||| Stepping randomly (stuck).
 15131 | D:11     | 15131 ||| Stepping randomly (stuck).
 15132 | D:11     | 15132 ||| Stepping randomly (stuck).
 15133 | D:11     | 15133 ||| Stepping randomly (stuck).
 15134 | D:11     | 15134 ||| Stepping randomly (stuck).
 15135 | D:11     | 15135 ||| Stepping randomly (stuck).
 15136 | D:11     | 15136 ||| Stepping randomly (stuck).
 15137 | D:11     | 15137 ||| Stepping randomly (stuck).
 15138 | D:11     | 15138 ||| Stepping randomly (stuck).
 15139 | D:11     | 15139 ||| Stepping randomly (stuck).
 15140 | D:11     | 15140 ||| Stepping randomly (stuck).
 15141 | D:11     | 15141 ||| Stepping randomly (stuck).
 15142 | D:11     | 15142 ||| Stepping randomly (stuck).
 15143 | D:11     | 15143 ||| Stepping randomly (stuck).
 15144 | D:11     | 15144 ||| Stepping randomly (stuck).
 15145 | D:11     | 15145 ||| Stepping randomly (stuck).
 15146 | D:11     | 15146 ||| Stepping randomly (stuck).
 15147 | D:11     | 15147 ||| READING scroll of teleportation.
 15182 | D:10     | 15182 ||| RIP GAUNTLET
 15182 | D:10     | 15182 ||| PLANNING D:1-11
 15224 | D:11     | 15224 ||| Stepping ~*~*~tactically~*~*~ (hiding).
 15282 | D:11     | 15282 ||| PLANNING D
 15531 | D:12     | 15531 ||| Stepping randomly (disturbance).
 15555 | D:12     | 15555 ||| Stepping ~*~*~tactically~*~*~ (hiding).
 15770 | D:12     | Found a staircase to the Orcish Mines.
 15865 | D:12     | Reached XP level 15. HP: 81/93 MP: 22/22
 16266 | D:13     | Found a gate to the Vaults.
 16321 | D:13     | 16321 ||| Stepping ~*~*~tactically~*~*~ (hiding).
 16417 | D:13     | 16417 ||| INVOKING Heroism.
 16467 | D:13     | 16467 ||| INVOKING Heroism.
 16468 | D:13     | 16468 ||| INVOKING Finesse.
 16471 | D:13     | 16471 ||| SWAPPING to +0 morningstar.
 16476 | D:13     | Reached skill level 16 in Shields
 16476 | D:13     | 16476 ||| SWAPPING to +1 broad axe "Suroelok" {heavy,
                  | Contam rF+ rN++}.
 16479 | D:13     | Gained mutation: You are weak. (Str -2) [mutagenic glow]
 16598 | D:13     | 16598 ||| INVOKING Heroism.
 16601 | D:13     | 16601 ||| Stepping ~*~*~tactically~*~*~ (stealth).
 16682 | D:13     | 16682 ||| INVOKING Heroism.
 16683 | D:13     | 16683 ||| SWAPPING to +0 morningstar.
 16684 | D:13     | 16684 ||| INVOKING Finesse.
 16692 | D:13     | 16692 ||| SWAPPING to +1 broad axe "Suroelok" {heavy,
                  | Contam rF+ rN++}.
 16709 | D:13     | Gained mutation: Armour fits poorly on your strangely
                  | shaped body. [mutagenic glow]
 16726 | D:13     | 16726 ||| DRINKING 3 potions of mutation.
 16726 | D:13     | Lost mutation: You are weak. (Str -2) [potion of mutation]
 16726 | D:13     | Lost mutation: Armour fits poorly on your strangely shaped
                  | body. [potion of mutation]
 16726 | D:13     | Gained mutation: You are agile. (Dex +4, Str/Int -1)
                  | [potion of mutation]
 16726 | D:13     | Gained mutation: Your mind is acute. (Int +4, Str/Dex -1)
                  | [potion of mutation]
 16726 | D:13     | Gained mutation: Your flesh is heat resistant. (rF+)
                  | [potion of mutation]
 16750 | D:13     | 16750 ||| FLEEEEING.
 16751 | D:13     | 16751 ||| FLEEEEING.
 16765 | D:13     | 16765 ||| FLEEEEING.
 16766 | D:13     | 16766 ||| FLEEEEING.
 16851 | D:13     | 16851 ||| INVOKING Heroism.
 16852 | D:13     | 16852 ||| Stepping ~*~*~tactically~*~*~ (stealth).
 16865 | D:13     | Reached skill level 3 in Dodging
 16973 | D:14     | 16973 ||| Stepping ~*~*~tactically~*~*~ (stealth).
 16978 | D:14     | 16978 ||| Stepping ~*~*~tactically~*~*~ (hiding).
 16985 | D:14     | 16985 ||| Stepping ~*~*~tactically~*~*~ (stealth).
 17055 | D:14     | 17055 ||| Stepping ~*~*~tactically~*~*~ (stealth).
 17174 | D:14     | 17174 ||| INVOKING Heroism.
 17175 | D:14     | 17175 ||| INVOKING Finesse.
 17182 | D:14     | 17182 ||| Stepping ~*~*~tactically~*~*~ (hiding).
 17305 | D:14     | 17305 ||| FLEEEEING.
 17311 | D:14     | 17311 ||| FLEEEEING.
 17312 | D:14     | 17312 ||| FLEEEEING.
 17313 | D:14     | 17313 ||| FLEEEEING.
 17314 | D:14     | 17314 ||| FLEEEEING.
 17315 | D:14     | 17315 ||| FLEEEEING.
 17316 | D:14     | 17316 ||| FLEEEEING.
 17317 | D:14     | 17317 ||| FLEEEEING.
 17495 | D:14     | Noticed Snorg
 17496 | D:14     | Noticed Rupert
 17497 | D:14     | 17497 ||| INVOKING Heroism.
 17498 | D:14     | 17498 ||| INVOKING Finesse.
 17502 | D:14     | Noticed Agnes
 17508 | D:14     | 17508 ||| Stepping ~*~*~tactically~*~*~ (hiding).
 17516 | D:14     | Killed Rupert
 17520 | D:14     | Killed Snorg
 17541 | D:14     | Killed Agnes
 17694 | D:14     | 17694 ||| Stepping ~*~*~tactically~*~*~ (hiding).
 17697 | D:14     | 17697 ||| Stepping ~*~*~tactically~*~*~ (hiding).
 17888 | D:14     | 17888 ||| READING scroll labelled XIEMOS XITAD.
 17997 | D:15     | Entered Level 15 of the Dungeon
 18003 | D:15     | Received a gift from Okawaru
 18010 | D:15     | Reached skill level 15 in Axes
 18181 | D:15     | 18181 ||| INVOKING Heroism.
 18210 | D:15     | 18210 ||| Stepping ~*~*~tactically~*~*~ (stealth).
 18216 | D:15     | 18216 ||| Stepping ~*~*~tactically~*~*~ (stealth).
 18218 | D:15     | 18218 ||| Stepping ~*~*~tactically~*~*~ (stealth).
 18228 | D:15     | 18228 ||| INVOKING Heroism.
 18367 | D:15     | 18367 ||| Stepping ~*~*~tactically~*~*~ (stealth).
 18373 | D:15     | 18373 ||| INVOKING Heroism.
 18375 | D:15     | Reached skill level 12 in Fighting
 18375 | D:15     | HP: 10/96 [dire elephant simulacrum (23)]
 18376 | D:15     | 18376 ||| READING 3 scrolls of teleportation.
 18377 | D:15     | Slain by a dire elephant simulacrum

Levels and vault maps discovered:
D:1:      arrival_zaba_pyramid, layout_loops_ring,
          hellmonk_ecumenical_altar_inner_sanctum
D:2:      layout_loops_ring
D:3:      layout_loops_ring, serial_shops, shop, kennysheep_generic_room_8
D:4:      layout_cave_pods
D:5:      layout_gridville, skrybe_limestone_x, uniq_blork_the_orc
D:6:      layout_basic, kennysheep_vampire_church, old_standard_altar,
          uniq_sigmund, uniq_menkaure
D:7:      layout_basic, minmay_temple_entry_junction,
          amcnicky_mini_corridor_feature, hangedman_decor_growths
D:8:      layout_loops_ring, regret_index_temple_of_mockery, marbit_many_paths,
          nicolae_wu_jian_immortal_techniques, yredelemnul_altar_generic,
          uniq_pikel
D:9:      layout_cave_pods, trog_book, elyvilon_altar_4,
          mainiacjoe_overflow_six_doors_small, nicolae_ru_path_of_blood,
          dpeg_oklobed_lair, serial_shops, nicolae_shop_waterfront,
          enter_bailey_5, uniq_erica, uniq_psyche, uniq_joseph
D:10:     layout_loops_ring, kennysheep_mini_moat
D:11:     layout_basic, gauntlet_entry_generic, serial_shops,
          nicolae_shop_real_fake_doors
D:12:     layout_irregular_city, minmay_orc_entry_temple_small
D:13:     layout_basic, david_vaults_5
D:14:     layout_loops_ring, minmay_nine_imps, uniq_snorg, uniq_rupert,
          uniq_agnes
D:15:     grunt_enter_depths_snipers, layout_stronghold,
          portal_ice_cave_entry_ice_simulacra, minmay_misc_feat_room,
          minmay_misc_feat_doors, minivault_25
Lair:1:   hellmonk_destroyed_diamonds, layout_loops_ring, serial_bayou_shore_a,
          uniq_gastronok
Lair:2:   layout_loops_ring, nicolae_snake_entry_warm_welcome,
          minmay_stone_trees_small
Lair:3:   layout_hall_layers, nicolae_swamp_entry_splash_gauntlet, minivault_11,
          st_stairs_7, nicolae_quartered_pool_little
Lair:4:   layout_long_grid, slime_entry_1, grunt_megastairs_1,
          infiniplex_staircase_pool_2, uniq_nessos
Lair:5:   cheibrodos_lair_end_hotspot, layout_long_grid, enter_volcano_2

Skill      XL: |  1  2  3  4  5  6  7  8  9 10 11 12 13 14 15 |
---------------+----------------------------------------------+-----
Axes           | 2 3 4 5 6 7 9 10 11 12 14 15 | 15.0
Throwing       | 1 2 3 5 |  5.1
Shields        | 4 6 8 9 11 13 14 15 16 | 16.0
Fighting       | 4 5 6 7 8 10 12 | 12.0
Armour         | 4 5 6 7 8 9 10 11 | 11.0
Dodging        | 1 2 3 |  3.0
Invocations    | 4 5 9 10 | 10.1

Action                     |  1- 3 |  4- 6 |  7- 9 | 10-12 | 13-15 || total
---------------------------+-------+-------+-------+-------+-------++-------
  Melee: War axe           |   112 |   105 |   227 |   657 |   730 ||  1831
         Morningstar       |       |       |       |       |    38 ||    38
         Broad axe         |       |       |       |       |   330 ||   330
  Throw: Javelin           |       |    55 |    33 |    19 |    36 ||   143
         Boomerang         |       |     7 |    23 |    82 |    54 ||   166
 Invoke: Heroism           |       |       |     2 |    22 |    32 ||    56
         Finesse           |       |       |       |       |    10 ||    10
    Use: Scroll            |     2 |    11 |     7 |     5 |    11 ||    36
         Potion            |       |       |     1 |     2 |     4 ||     7
 Armour: Scale mail        |    47 |     2 |       |       |       ||    49
         Plate armour      |       |    71 |   170 |   308 |   592 ||  1141
  Dodge: Dodged            |    52 |    35 |    66 |   159 |   260 ||   572
  Block: Buckler           |    14 |    14 |       |       |       ||    28
         Tower shield      |       |    20 |   222 |   591 |   967 ||  1800

Table legend:
 A = Non-vault XP
 B = Vault XP
 C = Vault XP percentage of total XP
 D = Non-vault monster count
 E = Vault monster count
 F = Vault count percentage of total count
                 A         B        C        D         E       F
            +---------+---------+-------+---------+---------+-------
      Total |  104017 |   23197 |  18.2 |     490 |      87 |  15.1
            +---------+---------+-------+---------+---------+-------
        D:1 |      30 |       0 |   0.0 |      16 |       0 |   0.0
        D:2 |      63 |       0 |   0.0 |      17 |       0 |   0.0
        D:3 |     119 |       1 |   0.8 |      24 |       1 |   4.0
        D:4 |      82 |       0 |   0.0 |      12 |       0 |   0.0
        D:5 |    1177 |      94 |   7.4 |      23 |       1 |   4.2
        D:6 |     796 |     521 |  39.6 |      21 |      10 |  32.3
        D:7 |    1019 |       0 |   0.0 |      15 |       0 |   0.0
        D:8 |    1517 |     688 |  31.2 |      40 |       2 |   4.8
        D:9 |    3239 |    3135 |  49.2 |      30 |       9 |  23.1
       D:10 |    1954 |       0 |   0.0 |      14 |       0 |   0.0
       D:11 |    4977 |       0 |   0.0 |      20 |       0 |   0.0
       D:12 |    6166 |     229 |   3.6 |      25 |       8 |  24.2
       D:13 |   13108 |     876 |   6.3 |      34 |       1 |   2.9
       D:14 |    8749 |    4588 |  34.4 |      20 |      12 |  37.5
       D:15 |   12440 |     860 |   6.5 |      18 |       2 |  10.0
     Lair:1 |    7949 |       0 |   0.0 |      35 |       0 |   0.0
     Lair:2 |    4485 |     656 |  12.8 |      26 |       4 |  13.3
     Lair:3 |    5744 |    2659 |  31.6 |      17 |       7 |  29.2
     Lair:4 |   10553 |    2097 |  16.6 |      33 |       5 |  13.2
     Lair:5 |   19850 |    6793 |  25.5 |      50 |      25 |  33.3
            +---------+---------+-------+---------+---------+-------
